 Dungeon Crawl Stone Soup version 0.27-a0-203-gd48b2df3c9 (webtiles) character file.

Game seed: 16869025548335556510

9860 gimp the Magician (level 11, -1/75 HPs)
             Began as a Demonspawn Hedge Wizard on Jan 30, 2021.
             Was an Initiate of Gozag.
             Slain by a catoblepas (24 damage)
             ... on level 12 of the Dungeon.
             The game lasted 00:41:06 (20118 turns).

gimp the Magician (Demonspawn Hedge Wizard)        Turns: 20118, Time: 00:41:07

Health: -1/75      AC:  8    Str: 16    XL:     11   Next: 28%
Magic:  4/22       EV: 14    Int: 19    God:    Gozag
Gold:   1768       SH:  5    Dex: 13    Spells: 6/25 levels left

rFire    . . .     SeeInvis .   a - +4 short sword (freeze)
rCold    . . .     Faith    .   l - +0 buckler
rNeg     . . .     Spirit   .   s - +2 robe {Will+}
rPois    .         Reflect  .   c - +0 hat
rElec    .         Harm     .   (no cloak)
rCorr    .         Rampage  .   x - +0 pair of gloves
Will     +....                  w - +0 pair of boots
Stlth    ++++......             (no amulet)
HPRegen  0.22/turn              B - +6 ring of strength
MPRegen  0.18/turn              D - ring of stealth

@: no status effects
A: hooves 2, yellow scales 1, ignite blood 2
a: Renounce Religion, Potion Petition, Call Merchant, Bribe Branch


You were on level 12 of the Dungeon.
You worshipped Gozag.
Gozag was most pleased with you.
You visited 2 branches of the dungeon, and saw 13 of its levels.

You collected 1842 gold pieces.
You paid 74 gold pieces to Gozag.

Inventory:

Hand Weapons
 a - a +4 short sword of freezing (weapon)
 b - a +2 whip of venom
 F - the cursed +0 scimitar of Lut Faq {holy, Str+3 Int+4 Dex+3, unknown}
   (You found it on level 11 of the Dungeon)

   It has been blessed by the Shining One to cause great damage to the undead
   and demons.
   It affects your strength (+3).
   It affects your intelligence (+4).
   It affects your dexterity (+3).
   It has a curse placed upon it.
Missiles
 g - 55 poisoned darts
Armour
 c - a +0 hat (worn)
 l - a +0 buckler (worn)
 s - a +2 robe of willpower (worn)
 w - a +0 pair of boots (worn)
 x - a +0 pair of gloves (worn)
Magical Staves
 v - an uncursed staff of cold
Jewellery
 B - a +6 ring of strength (left hand)
 D - a ring of stealth (right hand)
 G - an uncursed ring of resist corrosion
Wands
 p - a wand of digging (8)
 u - a wand of enslavement (17)
 y - a wand of random effects (17)
 C - a wand of flame (9)
Scrolls
 e - 2 scrolls of enchant armour
 f - 5 scrolls of amnesia
 j - 5 scrolls of magic mapping
 k - 2 scrolls of enchant weapon
 m - 3 scrolls of fog
 n - 2 scrolls of teleportation
 q - 3 scrolls of remove curse
Potions
 d - 2 potions of haste {unknown}
 h - 2 potions of flight
 i - 3 potions of curing
 o - a potion of berserk rage {unknown}
 r - 2 potions of might
 t - 2 potions of brilliance
 z - a potion of mutation {unknown}
 A - 2 potions of cancellation
 E - 2 potions of magic


   Skills:
 - Level 3.0 Fighting
 + Level 6.7 Short Blades
 - Level 4.0 Dodging
 + Level 7.0 Stealth
 - Level 4.0 Shields
 + Level 7.8 Spellcasting
 - Level 6.0 Conjurations
 - Level 6.0 Summonings
 - Level 2.0 Translocations
 - Level 4.0 Air Magic
 - Level 3.0 Poison Magic


You had 6 spell levels left.
You knew the following spells:

 Your Spells              Type           Power        Failure   Level
a - Magic Dart            Conj           100%         1%          1
b - Blink                 Tloc           N/A          6%          2
c - Mephitic Cloud        Conj/Pois/Air  23%          4%          3
d - Call Imp              Summ           30%          1%          2
e - Call Canine Familiar  Summ           30%          2%          3
f - Summon Lightning Spi  Summ/Air       26%          12%         4
g - Summon Ice Beast      Ice/Summ       18%          26%         4

Your spell library contained the following spells:

 Spells                   Type           Power        Failure   Level
 Shock                    Conj/Air       100%         1%          1
 Summon Small Mammal      Summ           100%         1%          1
 Swiftness                Air            22%          2%          2
 Static Discharge         Conj/Air       26%          3%          3
 Conjure Flame            Conj/Fire      18%          9%          3
 Summon Guardian Golem    Hex/Summ       18%          9%          3
 Slow                     Hex            7%           14%         2
 Airstrike                Air            11%          19%         4
 Lightning Bolt           Conj/Air       13%          32%         5


Dungeon Overview and Level Annotations

Branches:
Dungeon (12/15)            Temple (1/1) D:4            Lair (0/6) D:8
    Orc: D:9-12

Altars:
Ashenzari
Cheibriados
Dithmenos
Elyvilon
Fedhas
Gozag
Hepliaklqana
Kikubaaqudgha
Makhleb
Nemelex Xobeh
Okawaru
Qazlal
Ru
Sif Muna
Trog
Uskayaw
Vehumet
Wu Jian
Xom
Yredelemnul
Zin
The Shining One

Shops:
D:7 *   D:11 (

Annotations:
D:7 5 runed translucent doors
D:8 Gastronok


Innate Abilities, Weirdness & Mutations

You have hoof-like feet.
You are partially covered in yellow scales. (AC +2)
Your demonic aura often causes spilled blood to erupt in flames


Message History

The catoblepas is engulfed in noxious fumes.
The catoblepas breathes a plume of calcifying dust at you.
The blast of calcifying dust hits you.
* * * LOW HITPOINT WARNING * * *
You take 5 damage, and have 22/75 hp.
Unknown command.
You feel less confused.
The catoblepas is engulfed in noxious fumes.
The catoblepas appears confused.
You see here 6 gold pieces.
Unknown command.
Unknown command.
Your hound is no longer petrified.
Your hound is engulfed in calcifying dust.
Your hound is moving more slowly.
You hit the catoblepas but do no damage.
The catoblepas is almost dead.
The catoblepas seems less confused.
The catoblepas gores you!!
You die...
Your body crumbles into a pile of gold.

... # #.# ###### #..
..#..### #### #.#
#.#..#.###.#.# #.#
#.#..#.##.###.###.#######
.....#.#.## #...........
#>#.##..## ##Y#h######
#...####<## ##.#@$§########
###....§..###>...#$....$...
#.######.#$###...########
###<# ##y## ##$## ....#
#.......# ##### #########


You could see a catoblepas and a friendly hound (summoned, petrifying).

Vanquished Creatures
  3 two-headed ogres
  A kobold demonologist (D:11)
  A troll (D:10)
  A slime creature (D:12)
  A vampire (D:11)
  7 yaks
  A nameless horror (D:9)
  A water moccasin (D:8)
  A soldier ant (D:11)
  An ice beast (D:8)
  An orc warrior (D:11)
  3 sky beasts
  2 phantoms
  5 ogres
  6 centaurs
  2 big kobolds
  A wyvern zombie (D:9)
  7 bullfrogs
  2 wyvern skeletons
  3 scorpions
  16 killer bees
  3 wights
  3 howler monkeys
  2 centaur zombies
  2 bullfrog zombies
  6 hounds
  4 jellies
  5 orc priests
  3 bullfrog skeletons
  A centaur skeleton (D:4)
  Jessica (D:2)
  6 orc wizards
  Natasha (thrice) (D:4)
  12 worker ants
  2 iguanas
  7 gnolls
  15 adders
  2 shadow imps
  6 white imps
  An ufetubus (D:7)
  2 oozes
  2 adder zombies
  An adder skeleton (D:4)
  4 worms
  2 dart slugs
  A leopard gecko (D:7)
  35 orcs
  5 bats (D:2)
  6 giant cockroaches
  5 goblins
  3 hobgoblins
  7 jackals
  18 kobolds
  4 quokkas
  A ball python (D:3)
  7 frilled lizards
  A jackal skeleton (D:5)
  A leopard gecko skeleton (D:6)
  6 rats
261 creatures vanquished.

Vanquished Creatures (collateral kills)
  2 two-headed ogres (D:9)
  4 yaks (D:10)
  A shadow (D:9)
  A vampire (D:10)
  A hornet zombie (D:10)
  2 ice beasts
  A bullfrog (D:10)
  3 killer bees
  2 wights
  A quasit (D:8)
  A worker ant (D:10)
  A howler monkey skeleton (D:10)
  An adder (D:10)
  2 kobolds (D:10)
23 creatures vanquished.

Grand Total: 284 creatures vanquished

Notes
Turn   | Place    | Note
-------+----------+-------------------------------------------
     0 | D:1      | gimp the Demonspawn Hedge Wizard began the quest for the
                  | Orb.
     0 | D:1      | Reached XP level 1. HP: 13/13 MP: 4/4
   437 | D:1      | Gained mutation: You have large cloven feet. [demonic
                  | ancestry]
   437 | D:1      | Reached XP level 2. HP: 15/19 MP: 0/6
  1003 | D:2      | Reached XP level 3. HP: 24/24 MP: 1/7
  2034 | D:2      | Noticed Jessica
  2039 | D:2      | Killed Jessica
  2040 | D:2      | Gained mutation: Your demonic aura sometimes causes spilled
                  | blood to erupt in flames [demonic ancestry]
  2040 | D:2      | Reached XP level 4. HP: 30/30 MP: 3/9
  2562 | D:2      | Learned a level 2 spell: Blink
  2566 | D:2      | Learned a level 3 spell: Mephitic Cloud
  2569 | D:2      | Learned a level 2 spell: Call Imp
  2716 | D:3      | Reached XP level 5. HP: 24/35 MP: 1/10
  3080 | D:3      | Found a white marble altar of Elyvilon.
  3082 | D:3      | Found a glowing golden altar of the Shining One.
  3083 | D:3      | Found a glowing silver altar of Zin.
  3723 | D:4      | Found a stormy altar of Qazlal.
  3754 | D:4      | Reached skill level 1 in Poison Magic
  3759 | D:4      | Reached skill level 1 in Air Magic
  4269 | D:4      | Noticed Natasha
  4273 | D:4      | Killed Natasha
  4313 | D:4      | Noticed Natasha
  4326 | D:4      | Killed Natasha
  4394 | D:4      | Gained mutation: You have hoof-like feet. [demonic
                  | ancestry]
  4394 | D:4      | Reached XP level 6. HP: 29/41 MP: 2/12
  4630 | D:4      | Noticed Natasha
  4696 | D:4      | Killed Natasha
  4895 | D:4      | Found a staircase to the Ecumenical Temple.
  4964 | D:4      | Identified the cursed +3 long sword of Infection
                  | {antimagic, Int+2 Dex+7}
  5017 | Temple   | Entered the Ecumenical Temple
  6122 | D:5      | Entered Level 5 of the Dungeon
  6223 | D:5      | Found a blossoming altar of Fedhas.
  6589 | D:4      | Reached XP level 7. HP: 17/46 MP: 6/13
  8009 | D:5      | Reached skill level 5 in Conjurations
  8363 | D:6      | Reached skill level 1 in Translocations
  8470 | D:6      | Reached skill level 5 in Spellcasting
  8537 | D:6      | Found a shadowy altar of Dithmenos.
  8602 | D:6      | Reached XP level 8. HP: 43/52 MP: 9/15
  9073 | D:6      | Found an opulent altar of Gozag.
  9077 | D:6      | Became a worshipper of Gozag Ym Sagoz the Greedy
  9340 | D:7      | Reached skill level 1 in Short Blades
  9462 | D:7      | Found a shimmering altar of Xom.
  9489 | D:7      | Reached skill level 1 in Shields
  9721 | D:7      | Found a hazy altar of Hepliaklqana.
  9750 | D:7      | Found a runed translucent gate.
  9751 | D:7      | Found a runed translucent gate.
  9752 | D:7      | Found a runed translucent gate.
  9755 | D:7      | Found a runed translucent door.
  9755 | D:7      | Found a runed translucent door.
  9776 | D:7      | Found the +9 staff of Olgreb {rPois∞}
  9983 | D:7      | Found a sparkling altar of Nemelex Xobeh.
  9986 | D:7      | Found an ancient bone altar of Kikubaaqudgha.
  9988 | D:7      | Found a snail-covered altar of Cheibriados.
  9988 | D:7      | Found an ornate altar of the Wu Jian Council.
 10773 | D:7      | Found Dedus's Lightly-Used Armoury.
 11138 | D:7      | Learned a level 3 spell: Call Canine Familiar
 11547 | D:8      | Reached XP level 9. HP: 44/57 MP: 12/18
 11783 | D:8      | Noticed a two-headed ogre
 11904 | D:8      | Noticed a two-headed ogre
 12123 | D:8      | Killed a two-headed ogre
 12476 | D:8      | Noticed Gastronok
 13092 | D:8      | Found a staircase to the Lair.
 13709 | D:9      | Reached skill level 1 in Fighting
 14459 | D:9      | Noticed a two-headed ogre
 14789 | D:8      | Learned a level 4 spell: Summon Lightning Spire
 15027 | D:8      | Gained mutation: You are partially covered in yellow
                  | scales. (AC +2) [demonic ancestry]
 15027 | D:8      | Reached XP level 10. HP: 62/67 MP: 9/19
 15172 | D:9      | Noticed a two-headed ogre
 15652 | D:9      | Killed a two-headed ogre
 16151 | D:10     | Entered Level 10 of the Dungeon
 16360 | D:10     | Reached skill level 5 in Short Blades
 16360 | D:10     | Reached skill level 5 in Stealth
 16928 | D:10     | Reached skill level 5 in Summonings
 17163 | D:10     | Noticed a two-headed ogre
 17491 | D:9      | Killed a two-headed ogre
 17713 | D:10     | Killed a two-headed ogre
 17968 | D:10     | Learned a level 4 spell: Summon Ice Beast
 18083 | D:11     | Noticed a two-headed ogre
 18098 | D:11     | Killed a two-headed ogre
 18499 | D:11     | Gained mutation: Your demonic aura often causes spilled
                  | blood to erupt in flames [demonic ancestry]
 18499 | D:11     | Reached XP level 11. HP: 72/75 MP: 6/21
 18585 | D:11     | Found Plog's Weapon Boutique.
 18927 | D:11     | Got a jewelled scimitar
 20068 | D:12     | Noticed a catoblepas
 20118 | D:12     | Slain by a catoblepas

Illustrated notes

Levels and vault maps discovered:
D:1:      scummos_arrival_simple_fountains, layout_rooms
D:2:      layout_basic, kennysheep_generic_room_2, uniq_jessica
D:3:      layout_loops_corners, good_gods_temple_1, grunt_decor_fettered
D:4:      layout_basic, lemuel_temple_firewalk_a, grunt_qazlal_clouds,
          uniq_natasha
D:5:      layout_rooms, fedhas_bush_and_centaur_altar, serial_glass,
          glass_columns_a, glass_columns_a
D:6:      layout_gridville, marbit_many_paths, kennysheep_mini
D:7:      layout_gridville, lemuel_crystal_altar, grunt_temple_overflow_open,
          basic_altar, minmay_shop_damaged, amethyst_killhole,
          minmay_guarded_unrand_staff_of_olgreb
D:8:      layout_cave_pods, lair_entry_dummy, uniq_gastronok
D:9:      layout_roguey, minmay_checkerbox
D:10:     layout_cross
D:11:     layout_stronghold, serial_shops, shop
D:12:     layout_loops_ring, david_orc_1_choice, uniq_maurice, uniq_fannar
Temple:   chequers_temple_sunken

Skill      XL: |  1  2  3  4  5  6  7  8  9 10 11 |
---------------+----------------------------------+-----
Conjurations   | 2 3 4 5 6 |  6.0
Poison Magic   | 2 3 |  3.0
Air Magic      | 1 2 4 |  4.0
Spellcasting   | 4 5 6 7 |  7.8
Translocations | 1 2 |  2.0
Short Blades   | 2 4 6 |  6.7
Shields        | 3 4 |  4.0
Stealth        | 2 4 6 7 |  7.0
Dodging        | 4 |  4.0
Summonings     | 4 6 |  6.0
Fighting       | 2 3 |  3.0

Action                   |  1- 3 |  4- 6 |  7- 9 | 10-12 || total
-------------------------+-------+-------+-------+-------++-------
Melee: Dagger            |    17 |    37 |    23 |    21 ||    98
       Kick              |     1 |     2 |       |       ||     3
       Whip              |       |       |    55 |       ||    55
       Short sword       |       |       |       |   109 ||   109
 Cast: Magic Dart        |    93 |   236 |   491 |   242 ||  1062
       Mephitic Cloud    |       |     1 |    27 |    22 ||    50
       Call Imp          |       |       |     7 |       ||     7
       Blink             |       |       |     3 |     1 ||     4
       Call Canine Famil |       |       |    10 |    24 ||    34
       Summon Lightning  |       |       |       |    19 ||    19
       Summon Ice Beast  |       |       |       |     2 ||     2
Evoke: Wand              |       |       |     7 |       ||     7
  Use: Potion            |     1 |     2 |     3 |     1 ||     7
       Scroll            |       |       |    17 |     1 ||    18
 Stab: Sleeping          |     1 |       |     1 |     4 ||     6
       Confused          |       |       |     3 |    10 ||    13
       Distracted        |       |       |       |     2 ||     2
       Petrified         |       |       |       |     1 ||     1
Armor: Robe              |     4 |    28 |    66 |    38 ||   136
Dodge: Dodged            |    16 |    79 |   196 |   128 ||   419
Block: Buckler           |       |       |    16 |    40 ||    56

Table legend: (Time is in decaauts)
 A = Elapsed time spent in this place.
 B = Non-inter-level travel time spent in this place.
 C = Inter-level travel time spent in this place.
 D = Time resting spent in this place.
 E = Time spent auto-exploring this place.
 F = Levels seen in this place.
 G = Mean time per level.
                   A        B        C        D        E       F      G
               +--------+--------+--------+--------+--------+-----+--------+
         Total |  20128 |  19384 |    744 |   2721 |  13289 |  13 | 1548.3 |
       Dungeon |  20052 |  19336 |    716 |   2721 |  13275 |  12 | 1671.0 |
        Temple |     75 |     47 |     28 |      0 |     14 |   1 |   75.0 |
               +--------+--------+--------+--------+--------+-----+--------+

Top non-repeatable levels by time:
     D:7: 2782 daAuts
     D:4: 2765 daAuts
     D:8: 2292 daAuts
     D:9: 2240 daAuts
     D:3: 1829 daAuts
    D:11: 1754 daAuts
     D:2: 1648 daAuts
    D:10: 1346 daAuts
     D:5: 1042 daAuts
     D:6: 1000 daAuts
     D:1: 986 daAuts
    D:12: 364 daAuts
  Temple: 75 daAuts
